 Dungeon Sprint DCSS version 0.21-a0-434-g806c6c2 (webtiles) character file.

0 theanonym the Shield-Bearer (level 1, -11/14 HPs)
             Began as a Gargoyle Fighter on Nov 8, 2017.
             Was an Initiate of Makhleb.
             Blown up by Keashax the pandemonium lord (25 damage)
             ... with a bolt of energy
             ... in the Dungeon (Sprint V: "Ziggurat Sprint").
             The game lasted 00:01:59 (92 turns).

theanonym the Shield-Bearer (Gargoyle Fighter)        Turns: 92, Time: 00:01:59

Health: -11/14     AC: 21    Str: 31    XL:     1   Next: 0%
Magic:  1/1        EV: -1    Int:  8    God:    Makhleb [......]
Gold:   0          SH: 28    Dex:  9    Spells: 0/0 levels left

rFire    + . .     SeeInvis +   n - +14 obsidian axe {chop, +Fly SInv *Curse} (curse)
rCold    + . .     Gourm    .   l - +18 shield of the Gong {rElec rN+ MR+ EV-5}
rNeg     + + .     Faith    .   F - +5 gold dragon scales
rPois    ∞         Spirit   .   (no helmet)
rElec    +         Reflect  .   (no cloak)
rCorr    .         Harm     .   (no gloves)
MR       +....     NoTele   +   (no boots)
Stlth    ..........             (no amulet)
HPRegen  0.04/turn              a - +6 ring of strength
MPRegen  0.07/turn              c - +6 ring of strength

@: mesmerised
A: negative energy resistance 1, electricity resistance, unbreathing,
petrification resistance, rot immunity, AC +2
a: Renounce Religion, Evoke Flight


Innate Abilities, Weirdness & Mutations

You are resistant to torment.
Your stone body is resilient. (AC +2)
You are immune to poison.
You resist negative energy. (rN+)
You are resistant to electric shocks. (rElec)
You can survive without breathing.
You are immune to petrification.
You are immune to rotting.


   Skills:
 + Level 3.2 Fighting
 * Level 1.7 Axes
 - Level 3.2 Armour
 - Level 3.2 Shields


You couldn't memorise any spells.
You didn't know any spells.

Inventory:

Hand Weapons
 m - the +9 heavy crossbow "Sniper" {velocity, Acc+∞ SInv}
   (You found it in the Dungeon)

   Any bolt fired from it inflicts extra damage.
   It lets you see invisible.
 n - the cursed +14 obsidian axe (weapon) {chop, +Fly SInv *Curse}
   (You found it in the Dungeon)

   It inflicts extra damage upon your enemies.
   It lets you see invisible.
   It lets you fly.
   It curses itself when equipped.
   It has a curse placed upon it.
 E - a +5 executioner's axe
   (You found it in the Dungeon)
Armour
 g - the +15 Maxwell's patent armour {-Cast -Tele rElec MR+ rCorr}
   (You found it in the Dungeon)

   It insulates you from electricity.
   It affects your resistance to hostile enchantments.
   It prevents spellcasting.
   It prevents most forms of teleportation.
   It protects you from acid and corrosion.
 l - the +18 shield of the Gong (worn) {rElec rN+ MR+ EV-5}
   (You found it in the Dungeon)

   It affects your evasion (-5).
   It insulates you from electricity.
   It protects you from negative energy.
   It affects your resistance to hostile enchantments.
 F - +5 gold dragon scales (worn)
   (You found it in the Dungeon)
Jewellery
 a - a +6 ring of strength (left hand)
   (You found it in the Dungeon)
 c - a +6 ring of strength (right hand)
   (You found it in the Dungeon)
Wands
 k - a wand of acid (5/15)
   (You found it in the Dungeon)
 o - a wand of disintegration (7/24)
   (You found it in the Dungeon)
 p - a wand of iceblast (5/15)
   (You found it in the Dungeon)
 B - a wand of lightning (5/15)
   (You found it in the Dungeon)
Scrolls
 b - 4 scrolls of blinking
 f - 7 scrolls of fog {!r}
 r - 5 scrolls of identify
 x - 4 scrolls of amnesia
 y - 2 scrolls of fear {!r}
 A - a scroll of holy word
 C - 3 scrolls of recharging
 D - 5 scrolls of remove curse
Potions
 d - 6 potions of might
 e - 10 potions of curing
 h - 6 potions of haste
 i - 7 potions of magic
 j - 3 potions of berserk rage
 q - 10 potions of heal wounds
 s - 5 potions of agility
 t - 2 potions of brilliance
 u - a potion of experience
 v - 2 potions of invisibility
 w - 4 potions of resistance
Comestibles
 z - a bread ration

Dungeon Overview and Level Annotations

Branches:
Dungeon (1/1)

Altars:
Ashenzari
Cheibriados
Dithmenos
Elyvilon
Fedhas
Gozag
Hepliaklqana
Kikubaaqudgha
Makhleb
Nemelex Xobeh
Okawaru
Qazlal
Ru
Sif Muna
Trog
Uskayaw
Vehumet
Wu Jian
Xom
Yredelemnul
Zin
The Shining One
Beogh
Jiyva
Lugonu You were in the Dungeon. You worshipped Makhleb.
Makhleb was noncommittal. You were not hungry. You visited 1 branch


Message History

the +10 dark maul {crush} the cursed +14 obsidian axe {chop, +Fly SInv *Curse}
m - the +9 heavy crossbow "Sniper" {velocity, Acc+∞ SInv}
n - the cursed +14 obsidian axe {chop, +Fly SInv *Curse} Wield which item (- for none, * to show all)? (? for menu, Esc to quit)
Really wield
n - the cursed +14 obsidian axe {chop, +Fly SInv *Curse}? [Y]es or [N]o only, please.
Really wield
n - the cursed +14 obsidian axe {chop, +Fly SInv *Curse}?
It sticks to your hand!
n - the cursed +14 obsidian axe (weapon)
{chop, +Fly SInv *Curse} Autopickup is now off.
Drop what? 15/52 slots (_ for help) (? for menu, Esc to quit)
You drop a +0 war axe.
You start removing your armour.
You continue taking off your +0 shield. x4
You finish taking off your +0 shield.
You drop a +0 shield.
You start removing your armour.
You continue taking off your +0 scale mail. x4
You finish taking off your +0 scale mail.
You drop a +0 scale mail.
Wear which item? (? for menu, Esc to quit)
You start putting on your armour.
You continue putting on the +15 Maxwell's patent armour {-Cast -Tele rElec MR+ rCorr}. x4
You finish putting on the +15 Maxwell's patent armour {-Cast -Tele rElec MR+ rCorr}.
Wear which item? (? for menu, Esc to quit)
You start putting on your armour.
You continue putting on the +18 shield of the Gong {rElec rN+ MR+ EV-5}. x4
You finish putting on the +18 shield of the Gong {rElec rN+ MR+ EV-5}.
Okay, then.
Items here: ))))))))))
Okay, then.
Unknown command.
Items here: =======
a - a +6 ring of strength;
c - a +6 ring of strength
Things that are here:
an uncursed staff of energy {+MP, hungerless spells} a crystal ball of energy
Items here: //// a wand of disintegration (7/24); a wand of iceblast (5/15) a wand of lightning (5/15); a wand of acid (5/15)
k - a wand of acid (5/15);
o - a wand of disintegration (7/24)
p - a wand of iceblast (5/15);
r - a wand of lightning (5/15)
Items here: !!!!!!!!!!!
s - 5 potions of agility
j - 3 potions of berserk rage (gained 2)
t - 2 potions of brilliance;
e - 10 potions of curing (gained 9)
u - a potion of experience;
h - 6 potions of haste (gained 5)
q - 10 potions of heal wounds (gained 9)
v - 2 potions of invisibility;
i - 7 potions of magic (gained 5)
d - 6 potions of might (gained 5);
w - 4 potions of resistance
Items here: ????????
x - 4 scrolls of amnesia;
b - 4 scrolls of blinking (gained 3)
y - 2 scrolls of fear {!r};
f - 7 scrolls of fog {!r};
z - a bread ration
A - a scroll of holy word;
r - 5 scrolls of identify
B - a wand of lightning (5/15);
C - 3 scrolls of recharging
D - 5 scrolls of remove curse Put on which piece of jewellery? (? for menu, Esc to quit)
You feel stronger.
a - a +6 ring of strength (left hand) Put on which piece of jewellery? (? for menu, Esc to quit)
You feel stronger.
c - a +6 ring of strength (right hand) Unknown command.
Unknown command.
Okay, then.
Unknown command.
Things that are here:
a +5 executioner's axe; a +5 battleaxe; a +5 broad axe
E - a +5 executioner's axe
Okay, then.
Items here: [[[[[[[ F - +5 gold dragon scales
Things that are here:
42 fruits; 4 bread rations; 4 meat rations Wear which item? (? for menu, Esc to quit)
You start removing your armour.
You continue taking off the +15 Maxwell's patent armour {-Cast -Tele rElec MR+ rCorr}. x4
You finish taking off the +15 Maxwell's patent armour {-Cast -Tele rElec MR+ rCorr}.
You start putting on your armour.
You continue putting on your +5 gold dragon scales. x5
You finish putting on your +5 gold dragon scales.
Items here: ))) [[ a +0 scale mail; a +0 shield; a +0 war axe the +6 Majin-Bo {vamp, Archmagi MP+6 Int+6} the +10 dark maul {crush}
Items here: ))))))))))
There is a burning altar of Makhleb here.
You kneel at the altar of Makhleb.
Makhleb welcomes you!
There is a transporter here.
Setting a skill training target for Axes at 18.0.
Unknown command.
Welcome to arena 1.
You enter the transporter and appear at another place.
A chaos spawn and a pandemonium lord come into view.
Visions of slaying Keashax flood into your mind.
The chaos spawn's eagle head screeches!
Keashax gestures at you. The bolt of energy hits you!
Ouch! That really hurt!
You die...

▓▓▓▓▓▓▓
▓.8©8.▓
▓.....▓
▓.&.}.▓
▓..4..▓
▓.....▓
▓..@..▓
▓▓▓▓▓▓▓


You could see Keashax and a chaos spawn.

Notes
Turn   | Place    | Note
-------+----------+-------------------------------------------
     0 | D        | Found the +6 Majin-Bo {vamp, Archmagi MP+6 Int+6}
     0 | D        | Found the +7 great mace "Firestarter" {inner flame, rF++}
     0 | D        | theanonym the Gargoyle Fighter began the quest for the Orb.
     0 | D        | Reached XP level 1. HP: 14/14 MP: 1/1
     0 | D        | Found a blossoming altar of Fedhas.
     0 | D        | Banished a spatial maelstrom
     1 | D        | Found a transporter.
     1 | D        | Found a viscous altar of Jiyva.
     1 | D        | Found an ancient bone altar of Kikubaaqudgha.
     1 | D        | Found a hazy altar of Hepliaklqana.
     1 | D        | Found a corrupted altar of Lugonu.
     1 | D        | Found an opulent altar of Gozag.
     1 | D        | Found a burning altar of Makhleb.
     3 | D        | Found a stormy altar of Qazlal.
     3 | D        | Found a sacrificial altar of Ru.
     3 | D        | Found an iron altar of Okawaru.
     3 | D        | Found a deep blue altar of Sif Muna.
     3 | D        | Found a sparkling altar of Nemelex Xobeh.
     3 | D        | Found a bloodstained altar of Trog.
     7 | D        | Found the +9 heavy crossbow "Sniper" {velocity, Acc+∞ SInv}
     7 | D        | Found the +10 dark maul {crush}
     7 | D        | Found the +15 Maxwell's patent armour {-Cast -Tele rElec MR+ rCorr}
     7 | D        | Found the +18 shield of the Gong {rElec rN+ MR+ EV-5}
     7 | D        | Found the cursed +14 obsidian axe {chop, +Fly SInv *Curse}
    34 | D        | Found the +6 shillelagh "Devastator" {shatter}
    34 | D        | Found the +11 plutonium sword {*Contam Stlth-}
    34 | D        | Found the +8 lance "Wyrmbane" {slay drac, rPois rF+ rC+ AC+3}
    34 | D        | Found the +9 sword of Zonguldrok {reap}
    34 | D        | Found the cursed +13 scythe of Curses {drain, *Curse}
    34 | D        | Found the +0 sword of Power
    34 | D        | Found the -3 mace of Variability {chaos}
    34 | D        | Found the +7 Singing Sword
    34 | D        | Found the +7 longbow "Piercer" {penet, EV-2}
    85 | D        | Became a worshipper of Makhleb the Destroyer
    92 | D        | Entered arena 2.
    92 | D        | Noticed Keashax the pandemonium lord
    92 | D        | Noticed a chaos spawn
    92 | D        | Found a transporter.
    92 | D        | Blown up by Keashax the pandemonium lord

Vanquished Creatures (others)
  A spatial maelstrom (D)
1 creature vanquished.
